 Dungeon Crawl Stone Soup version 0.19.1 (console) character file.

4442 Morrissey the Spear-Bearer (level 10, 0/73 HPs)
             Began as a Centaur Hunter on Dec 26, 2016.
             Was an Elder of Okawaru.
             Slain by a vampire mosquito (6 damage)
             ... on level 8 of the Dungeon.
             The game lasted 00:30:45 (11500 turns).

Morrissey the Spear-Bearer (Centaur Hunter)        Turns: 11500, Time: 00:30:45

Health: 0/73       AC:  6    Str: 15    XL:     10   Next: 15%
Magic:  10/10      EV:  9    Int: 10    God:    Okawaru [****..]
Gold:   230        SH:  0    Dex: 13    Spells: 0 memorised, 9 levels left

rFire  + . .     SeeInvis .     b - +0 trident
rCold  . . .     Gourm    .     c - +0 leather armour
rNeg   . . .     Faith    .     (no shield)
rPois  .         Spirit   .     m - +0 helmet
rElec  .         Reflect  .     (no cloak)
rCorr  .         Harm     .     D - +0 pair of gloves
MR     .....                    (no barding)
Stlth  +.........               (no amulet)
                                (no ring)
                                (no ring)

@: about to teleport, very quick
A: hooves 3, deformed body, fire resistance 1, speed 2, tough skin 3
a: Heroism, Renounce Religion


You were on level 8 of the Dungeon.
You worshipped Okawaru.
Okawaru was greatly pleased with you.
You were hungry.

You visited 2 branches of the dungeon, and saw 10 of its levels.

You collected 400 gold pieces.
You spent 170 gold pieces at shops.

Inventory:

Hand Weapons
 a - a +1 shortbow
 b - a +0 trident (weapon)
Missiles
 d - 96 arrows
Armour
 c - a +0 leather armour (worn)
 g - a +0 ring mail
 m - a +0 helmet (worn)
 z - the +0 buckler of Elyvilon's Approval {rPois Int+5, unknown}
   (You found it on level 5 of the Dungeon)

   It affects your intelligence (+5).
   It protects you from poison.
 D - a +0 pair of gloves (worn)
Wands
 n - a wand of iceblast (2/15)
 t - a wand of iceblast (6/15)
 y - a wand of polymorph (15/24)
 C - a wand of acid (4/15)
 E - a wand of lightning (0/15)
 I - a wand of paralysis (7/24)
 J - a wand of confusion (25/48)
 K - a wand of digging (12/24)
 M - a wand of lightning (0/15)
Scrolls
 e - 3 scrolls of remove curse
 j - 2 scrolls of fear
 k - a scroll of amnesia
 l - 7 scrolls of teleportation
 o - 4 scrolls of magic mapping
 x - a scroll of enchant weapon {unknown}
 B - a scroll of enchant armour {unknown}
 H - a scroll of recharging
 L - a scroll of blinking {unknown}
Potions
 h - a potion of magic
 i - 2 potions of flight
 q - 3 potions of agility
 s - a potion of brilliance
 A - a potion of invisibility
 G - a potion of ambrosia
Books
 P - a book of Debilitation

   Spells                             Type                      Level
   a - Corona                         Hexes                        1
   b - Slow                           Hexes                        2
   c - Gell's Gravitas                Hexes/Translocation          3
   d - Inner Flame                    Hexes/Fire                   3
   e - Cause Fear                     Hexes                        4
   f - Leda's Liquefaction            Hexes/Earth                  4
Comestibles
 f - 10 bread rations
 p - 2 fruits
 r - 3 slices of pizza
 v - 3 beef jerkies
 w - 2 meat rations
 F - 4 chunks of flesh


   Skills:
 - Level 2.0 Fighting
 * Level 13.0 Polearms
 - Level 5.6 Bows
 - Level 1.3 Dodging
 - Level 0.4 Stealth


You had 9 spell levels left.
You didn't know any spells.

Dungeon Overview and Level Annotations

Branches:
Dungeon (9/15)             Temple (1/1) D:4
   Lair: D:8-11         Orc: D:9-12

Altars:
Ashenzari
Cheibriados
Dithmenos
Elyvilon
Fedhas
Kikubaaqudgha
Nemelex Xobeh
Okawaru
Ru
Sif Muna
Xom
Zin

Shops:
D:6 ?


Innate Abilities, Weirdness & Mutations

You have hooves in place of feet.
Armour fits poorly on your strangely shaped body.
You cover ground very quickly.
You have extremely tough skin. (AC +3)
Your flesh is heat resistant. (rF+)


Message History

Evoke which item? (* to show all) (? for menu, Esc to quit)
Zapping:
C - a wand of acid {zapped: 2} (will waste charges)
Press: ? - help, Shift-Dir - straight line, f/p - vampire mosquito
Aim: a vampire mosquito (heavily damaged, covered in acid)
The bolt of acid misses the vampire mosquito.
Evoking this partially-identified wand wasted a few charges.
The vampire mosquito bites you but does no damage.
The vampire mosquito bites you!
* * * LOW HITPOINT WARNING * * *
The vampire mosquito draws strength from your injuries!
Unknown command.
You feel better. The vampire mosquito bites you!
* * * LOW HITPOINT WARNING * * *
The vampire mosquito draws strength from your injuries!
The vampire mosquito bites you.
* * * LOW HITPOINT WARNING * * *
The vampire mosquito draws strength from your injuries!
As you read the scroll of teleportation, it crumbles to dust.
You feel strangely unstable. The vampire mosquito bites you.
You die...

#.#
#........#.##.#.....#.#
#.#
#.......#...#.....###.#
#.# #..#...#>#H#..###.#
#.# #.#
#.....[...........###.#
#.#
#..#####.#.#..........#
#.#
#..######...#.#########
#.# #..........##.# #.#
#..#######y##.## #.#
#..# #.@.....#
#.######..# ##.#.##..#
#.....###.#
#....##..###########
#####.# #.#
#..####.............
#.# #.#
#..####.###.##.####.
#.#
#.####...........##.#
##. #.#
#............######.#
#.. #.# #.####.####..#
#.# #.# #.# #<# #.#
#..# ###.# #..


You could see a hippogriff and a vampire mosquito.

Vanquished Creatures
  A hydra (D:8)
  An unseen horror (D:7)
  A spriggan (D:7)
  A wraith (D:8)
  4 ice beasts
  2 orc warriors
  3 sky beasts
  2 ogres
  3 centaurs
  2 bullfrogs (D:6)
  2 scorpions
  3 howler monkeys
  3 crimson imps
  A quasit (D:5)
  4 jellies
  7 orc priests
  A hound (D:4)
  8 orc wizards
  2 iguanas
  10 worker ants
  2 hound skeletons
  8 gnolls
  A howler monkey skeleton (D:8)
  9 adders
  3 shadow imps
  A worm (D:3)
  4 dart slugs (D:2)
  11 leopard geckos
  42 orcs
  4 ball pythons
  4 giant cockroaches
  7 goblins
  5 hobgoblins
  16 jackals
  4 quokkas
  4 bats
  10 frilled lizards
  5 kobolds
  2 leopard gecko skeletons
  7 rats
210 creatures vanquished.

Vanquished Creatures (others)
  An orc wizard (D:7)
  An orc (D:8)
  A quokka (D:4)
3 creatures vanquished.

Grand Total: 213 creatures vanquished

Notes
Turn   | Place    | Note
-------+----------+-------------------------------------------
     0 | D:1      | Morrissey the Centaur Hunter began the quest for the Orb.
     0 | D:1      | Reached XP level 1. HP: 17/17 MP: 1/1
   470 | D:1      | Reached XP level 2. HP: 24/24 MP: 2/2
   471 | D:1      | Reached skill level 1 in Polearms
   898 | D:2      | Reached skill level 2 in Polearms
   906 | D:2      | Reached XP level 3. HP: 28/29 MP: 3/3
  1289 | D:2      | Reached skill level 3 in Polearms
  1381 | D:2      | Found a sacrificial altar of Ru.
  1449 | D:3      | Reached XP level 4. HP: 36/36 MP: 4/4
  1480 | D:3      | Found a faded altar of an unknown god.
  2074 | D:3      | Reached skill level 4 in Polearms
  2110 | D:3      | Reached XP level 5. HP: 22/41 MP: 5/5
  2304 | D:3      | Found a faded altar of an unknown god.
  2304 | D:3      | Found a sparkling altar of Nemelex Xobeh.
  2309 | D:3      | Found a deep blue altar of Sif Muna.
  2311 | D:3      | Found a snail-covered altar of Cheibriados.
  2312 | D:3      | Found a faded altar of an unknown god.
  2536 | D:4      | Found a staircase to the Ecumenical Temple.
  2985 | Temple   | Entered the Ecumenical Temple
  3004 | Temple   | Became a worshipper of Warmaster Okawaru
  3056 | D:4      | Reached skill level 5 in Polearms
  3182 | D:4      | Reached XP level 6. HP: 28/48 MP: 6/6
  3462 | D:4      | Found a white marble altar of Elyvilon.
  3790 | D:4      | Reached skill level 6 in Polearms
  4220 | D:4      | Reached XP level 7. HP: 47/55 MP: 7/7
  4279 | D:5      | Entered Level 5 of the Dungeon
  4453 | D:5      | Reached * piety under Okawaru
  4453 | D:5      | Reached skill level 7 in Polearms
  5251 | D:5      | Reached skill level 8 in Polearms
  5622 | D:5      | Gained mutation: Your flesh is heat resistant. (rF+) [potion of beneficial mutation]
  5870 | D:5      | Reached XP level 8. HP: 48/61 MP: 8/8
  6100 | D:5      | Got a faintly glowing buckler
  6154 | D:5      | Reached ** piety under Okawaru
  6199 | D:5      | Reached skill level 9 in Polearms
  7193 | D:6      | Found Ygapuwn's Magic Scroll Boutique.
  7201 | D:6      | Bought a scroll of recharging for 95 gold pieces
  7201 | D:6      | Bought a scroll of teleportation for 30 gold pieces
  7201 | D:6      | Bought a scroll of magic mapping for 35 gold pieces
  7201 | D:6      | Bought a scroll of random uselessness for 10 gold pieces
  7382 | D:6      | Reached skill level 10 in Polearms
  7936 | D:6      | Reached XP level 9. HP: 42/67 MP: 9/9
  7985 | D:7      | Found a shattered altar of Ashenzari.
  8352 | D:7      | Reached *** piety under Okawaru
  8796 | D:8      | Reached skill level 11 in Polearms
  9924 | D:8      | Noticed an eight-headed hydra
 10638 | D:7      | Reached skill level 12 in Polearms
 10787 | D:7      | Killed an unseen horror
 10787 | D:7      | Reached **** piety under Okawaru
 11483 | D:8      | Killed an eight-headed hydra
 11483 | D:8      | Reached skill level 13 in Polearms
 11483 | D:8      | Reached XP level 10. HP: 55/73 MP: 10/10
 11500 | D:8      | Slain by a vampire mosquito

Skill      XL: |  1  2  3  4  5  6  7  8  9 |
---------------+----------------------------+-----
Polearms       | 2 3 4 5 6 8 10 13 | 13.0
Fighting       | |  2.0
Bows           | |  5.6
Dodging        | |  1.3
Stealth        | |  0.4

Action                   |  1- 3 |  4- 6 |  7- 9 | 10-12 || total
-------------------------+-------+-------+-------+-------++-------
Melee: Spear             |    74 |       |       |       ||    74
       Short sword       |    10 |       |       |       ||    10
       Kick              |    18 |    26 |    86 |       ||   130
       Trident           |    56 |   240 |   550 |     3 ||   849
       Punch             |       |       |     1 |       ||     1
 Fire: Shortbow          |       |     7 |   145 |       ||   152
Invok: Heroism           |       |       |     3 |       ||     3
Evoke: Wand              |       |       |     6 |     3 ||     9
  Use: Potion            |       |     3 |     4 |     1 ||     8
       Scroll            |       |       |    12 |     1 ||    13
  Eat: Chunk             |     1 |     8 |    14 |       ||    23
       Meat ration       |       |       |     1 |       ||     1
Armor: Leather armour    |    40 |    43 |   137 |     3 ||   223
Dodge: Dodged            |    49 |    62 |   158 |     3 ||   272
